 Dungeon Crawl Stone Soup version 0.15-a0-1950-gbc841a2 (webtiles) character file.

2618 Quh the Charmwright (level 9, -5/52 HPs)
             Began as a Deep Elf Wizard on July 9, 2014.
             Was a Believer of Vehumet.
             Slain by a killer bee (6 damage)
             ... on Level 7 of the Dungeon.
             The game lasted 00:38:58 (7086 turns).

Quh the Charmwright (Deep Elf Wizard)               Turns: 7086, Time: 00:38:58

HP  -5/52        AC  3     Str  4      XL: 9   Next: 34%
MP  13/36        EV 14     Int 27      God: Vehumet [**....]
Gold 365         SH  0     Dex 13      Spells:  8 memorised,  5 levels left

rFire  . . .     SeeInvis .     A - +1 spear (pierce)
rCold  . . .     Clarity  .     o - +0 robe
rNeg   . . .     rCorr    .     (no shield)
rPois  .         rRot     .     b - +1 hat
rElec  .         Spirit   .     (no cloak)
SustAb .         Warding  .     (no gloves)
rMut   .         Stasis   .     (no boots)
Gourm  .                        (no amulet)
MR     .....                    r - ring of magical power
                                E - cursed ring of loudness

@: repel missiles, not resistant to hostile enchantments, unstealthy
A: no striking features
a: Renounce Religion


You were on level 7 of the Dungeon.
You worshipped Vehumet.
Vehumet was pleased with you.
You were not hungry.

You visited 2 branches of the dungeon, and saw 8 of its levels.

You collected 365 gold pieces.

Inventory:

Hand weapons
 g - a +1 dagger
 A - a +1 spear of piercing (weapon)
 K - a +0 shortbow
Missiles
 i - 14 arrows of flame
 m - 8 javelins of returning (quivered)
 t - 34 arrows
Armour
 a - a +0 robe
 b - a +1 hat (worn)
 o - a +0 robe (worn)
Magical devices
 f - a wand of draining (7) {unknown}
 x - a wand of digging (11) {unknown}
 F - a wand of flame (18)
Comestibles
 d - 4 bread rations
 u - a beef jerky
 J - a royal jelly
Scrolls
 h - 2 scrolls of teleportation
 n - a scroll of amnesia
 w - a scroll of random uselessness {unknown}
 y - 2 scrolls of enchant armour
 z - a scroll of enchant weapon
 B - 4 scrolls of identify
 I - a scroll of fear {unknown}
Jewellery
 e - a +4 ring of strength
 k - an uncursed ring of see invisible {unknown}
 r - a ring of magical power (right hand)
 D - an uncursed ring of poison resistance {unknown}
 E - a cursed ring of loudness (left hand)
 G - an uncursed ring of magical power
Potions
 j - a potion of might
 l - 2 potions of heal wounds
 p - a potion of porridge
 q - a potion of brilliance {unknown}
 s - a potion of restore abilities {unknown}
 v - a potion of poison {unknown}
 C - a potion of resistance {unknown}
 H - a potion of agility {unknown}
 L - a potion of berserk rage {unknown}
Books
 c - a book of Minor Magic

   Spells                             Type                      Level
   *Magic Dart                        Conjuration                  1
   *Blink                             Translocation                2
   *Call Imp                          Summoning                    2
   *Repel Missiles                    Charms/Air                   2
   Slow                               Hexes                        2
   *Conjure Flame                     Conjuration/Fire             3
   *Mephitic Cloud                    Conjuration/Poison/Air       3
Rods
 M - a +0 rod of destruction (14/14)
   (You took it off a hobgoblin on level 7 of the Dungeon)


   Skills:
 * Level 3.9 Fighting
 * Level 4.9 Dodging
 - Level 5.0 Stealth
 + Level 6.5 Spellcasting
 * Level 6.6 Conjurations
 * Level 7.7 Charms
 - Level 2.4 Summonings
 - Level 2.0 Translocations
 - Level 2.7 Air Magic
 - Level 2.3 Poison Magic
 - Level 3.2 Evocations


You had 5 spell levels left.
You knew the following spells:

 Your Spells              Type           Power        Failure   Level  Hunger
a - Magic Dart            Conj           ####         1%          1    None
b - Blink                 Tloc           N/A          4%          2    None
c - Call Imp              Summ           ###.....     3%          2    None
d - Repel Missiles        Chrm/Air       #####.       1%          2    None
e - Mephitic Cloud        Conj/Pois/Air  ####....     3%          3    None
f - Conjure Flame         Conj/Fire      ####....     6%          3    None
g - Shock                 Conj/Air       ####         1%          1    None
h - Throw Flame           Conj/Fire      ####..       2%          2    None


Dungeon Overview and Level Annotations

Branches:
Dungeon (7/15)             Temple (1/1) D:6

Altars:
Ashenzari
Cheibriados
Dithmenos
Elyvilon
Fedhas
Gozag
Kikubaaqudgha
Makhleb
Nemelex Xobeh
Okawaru
Qazlal
Sif Muna
Trog
Vehumet
Xom
Yredelemnul
Zin
The Shining One


Message History

The killer bee misses your crimson imp.
Your crimson imp misses the killer bee.
The killer bee barely misses your crimson imp.
The killer bee closely misses your crimson imp.
Your crimson imp completely misses the killer bee.
The killer bee stings your crimson imp. x2
Your crimson imp hits the wight but does no damage.
Your crimson imp closely misses the killer bee.
The killer bee stings your crimson imp. x2
The wight hits something but does no damage.
Your crimson imp barely misses the killer bee.
The killer bee stings your crimson imp.
The killer bee barely misses your crimson imp.
The wight hits something with a dagger.
Your crimson imp completely misses the killer bee.
The killer bee stings your crimson imp.
Your crimson imp dies!
The killer bee stings you!
* * * LOW HITPOINT WARNING * * *
The killer bee stings you.
You die...

.## #.....## ..# #..##..## #
..# #%.###).## .# #.# #..#
##..###.# #.# #).# #...#..#
#.# #..# ##....# ## #.###.<#
#...## .######## ##[y#)..#
##...#
z.......#####..y@..#####....#
5#####..z.......).####......#
### ##....[.#...####.......#
..####.....####).###........#
..........## ##.##...####...#
###....#...# #.....## ##..#
########.# ##...## ## ######
#. #..## z....## .. ####


You could see 2 killer bees and a wight.

Vanquished Creatures
  The ghost of haldagan the Shield-Bearer, an experienced FoFi (D:5)
  Grinder (D:6)
  A black bear (D:6)
  3 ogres
  2 orc warriors (D:7)
  A centaur (D:6)
  2 giant frogs (D:6)
  A gnoll sergeant (D:6)
  Blork the orc (D:4)
  9 killer bees
  3 wights (D:7)
  A giant frog zombie (D:6)
  3 crimson imps
  An orc priest (D:7)
  A centaur zombie (D:5)
  3 orc wizards
  A hound (D:5)
  2 worker ants (D:4)
  A killer bee zombie (D:5)
  A scorpion zombie (D:5)
  4 gnolls (D:6)
  5 adders
  A giant mite (D:5)
  4 worms
  6 giant geckos
  An ooze (D:1)
  12 orcs
  A bat skeleton (D:5)
  A bat zombie (D:6)
  13 goblins
  13 hobgoblins
  10 jackals
  2 quokkas
  A ball python (D:1)
  9 bats
  5 giant newts
  3 giant spores (D:6)
  13 kobolds
  9 rats
  A rat skeleton (D:4)
  4 ballistomycetes (D:6)
157 creatures vanquished.

Vanquished Creatures (collateral kills)
  An ogre (D:4)
  A killer bee (D:7)
  An orc priest (D:4)
  A gnoll shaman (D:6)
  2 orc wizards
  5 gnolls
  A shadow imp (D:6)
  A worm (D:2)
  2 orcs
  2 goblins
  A hobgoblin (D:3)
  2 kobolds
  A goblin skeleton (D:5)
21 creatures vanquished.

Vanquished Creatures (others)
  A killer bee (D:7)
  8 crimson imps
  An iron imp (D:7)
  13 white imps
  8 shadow imps
  A giant spore (D:6)
32 creatures vanquished.

Grand Total: 210 creatures vanquished

Notes
Turn   | Place    | Note
--------------------------------------------------------------
     0 | D:1      | Quh, the Deep Elf Wizard, began the quest for the Orb.
     0 | D:1      | Reached XP level 1. HP: 10/10 MP: 6/6
   291 | D:1      | Reached XP level 2. HP: 15/15 MP: 3/9
   347 | D:1      | Learned a level 2 spell: Blink
   350 | D:1      | Learned a level 2 spell: Call Imp
   353 | D:1      | Learned a level 2 spell: Repel Missiles
   534 | D:1      | Reached skill level 1 in Charms
   740 | D:1      | Reached XP level 3. HP: 19/19 MP: 4/12
  1142 | D:2      | Learned a level 3 spell: Mephitic Cloud
  1235 | D:2      | Reached XP level 4. HP: 24/24 MP: 7/15
  1397 | D:2      | Found a sparkling altar of Nemelex Xobeh.
  1442 | D:2      | Found a white marble altar of Elyvilon.
  2033 | D:3      | Reached skill level 1 in Air Magic
  2627 | D:4      | Reached XP level 5. HP: 22/28 MP: 18/18
  2717 | D:4      | Noticed an ogre
  2730 | D:4      | Killed an ogre
  2730 | D:4      | Reached skill level 1 in Poison Magic
  2805 | D:4      | Noticed Blork the orc
  2827 | D:4      | Noticed an ogre
  2842 | D:4      | Reached skill level 5 in Spellcasting
  2842 | D:4      | Reached XP level 6. HP: 24/32 MP: 16/21
  2901 | D:4      | Killed an ogre
  2933 | D:4      | Killed Blork the orc
  2947 | D:4      | Found a radiant altar of Vehumet.
  2969 | D:4      | Became a worshipper of Vehumet
  3034 | D:4      | Learned a level 3 spell: Conjure Flame
  3045 | D:4      | Found a deep blue altar of Sif Muna.
  3236 | D:5      | Entered Level 5 of the Dungeon
  3613 | D:5      | Noticed haldagan's ghost (experienced FoFi)
  3630 | D:5      | Killed haldagan's ghost
  3630 | D:5      | Reached skill level 1 in Fighting
  3630 | D:5      | Reached skill level 5 in Charms
  3630 | D:5      | Reached skill level 1 in Evocations
  3630 | D:5      | Reached XP level 7. HP: 17/39 MP: 10/23
  3895 | D:5      | Found a blossoming altar of Fedhas.
  3925 | D:5      | Reached XP level 8. HP: 44/44 MP: 24/24
  4517 | D:5      | Acquired Vehumet's first power
  4517 | D:5      | Offered knowledge of Shock by Vehumet.
  4522 | D:5      | Learned a level 1 spell: Shock
  4636 | D:6      | Reached skill level 5 in Conjurations
  4877 | D:6      | Found a staircase to the Ecumenical Temple.
  4889 | Temple   | Entered the Ecumenical Temple
  5136 | D:6      | Reached skill level 5 in Stealth
  5160 | D:6      | Reached skill level 6 in Charms
  5608 | D:6      | Noticed Grinder
  5614 | D:6      | Paralysed by Grinder for 6 turns
  5635 | D:6      | Killed Grinder
  5780 | D:6      | Found a stormy altar of Qazlal.
  6274 | D:7      | Reached XP level 9. HP: 45/51 MP: 9/26
  6282 | D:7      | Reached skill level 7 in Charms
  6521 | D:7      | Offered knowledge of Throw Flame by Vehumet.
  6525 | D:7      | Learned a level 2 spell: Throw Flame
  7085 | D:7      | HP: 1/52 [killer bee (8)]
  7086 | D:7      | Slain by a killer bee

Action                   |  1- 3 |  4- 6 |  7- 9 || total
-------------------------+-------+-------+-------++-------
Melee: Unarmed           |     3 |       |       ||     3
       Dagger            |       |       |    29 ||    29
       Spear             |       |       |    22 ||    22
Throw: Javelin           |       |       |    10 ||    10
 Cast: Magic Dart        |    97 |   127 |   198 ||   422
       Call Imp          |     2 |    25 |    34 ||    61
       Mephitic Cloud    |       |    11 |    27 ||    38
       Conjure Flame     |       |     5 |     7 ||    12
       Shock             |       |       |    52 ||    52
       Blink             |       |       |     7 ||     7
       Repel Missiles    |       |       |     1 ||     1
  Use: Scroll            |     4 |     4 |     4 ||    12
       Potion            |       |       |     2 ||     2
  Eat: Chunk             |     1 |     7 |    11 ||    19
